 Dungeon Crawl Stone Soup version 0.26-a0-665-gefeb406119 (webtiles) character file.

Game seed: 18217447839769174471

4 Ijustatesigmund the Magician (level 1, 0/10 HPs)
             Began as a Spriggan Wanderer on Oct 14, 2020.
             Slain by a hobgoblin (2 damage)
             ... on level 1 of the Dungeon.
             The game lasted 00:00:41 (81 turns).

Ijustatesigmund the Magician (Spriggan Wanderer)      Turns: 81, Time: 00:00:42

Health: 0/10       AC:  2    Str:  8    XL:     1   Next: 58%
Magic:  5/5        EV: 16    Int: 11    God:
Gold:   7          SH:  0    Dex: 17    Spells: 5/5 levels left

rFire    . . .     SeeInvis +   a - +0 dagger
rCold    . . .     Faith    .   (shield restricted)
rNeg     . . .     Spirit   .   e - +0 robe
rPois    .         Reflect  .   (helmet restricted)
rElec    .         Harm     .   (no cloak)
rCorr    .         Rampage  .   (gloves unavailable)
MR       .....                  (boots unavailable)
Stlth    ++........             b - amulet of magic regeneration
HPRegen  0.03/turn              (no ring)
MPRegen  0.34/turn              (no ring)

@: very quick
A: very small, unfitting armour, see invisible, speed 3
a: no special abilities


You were on level 1 of the Dungeon.
You visited 1 branch of the dungeon, and saw 1 of its levels.

You collected 7 gold pieces.

Inventory:

Hand Weapons
 a - a +0 dagger (weapon)
Missiles
 c - 11 poisoned darts (quivered)
Armour
 e - a +0 robe (worn)
Jewellery
 b - an amulet of magic regeneration (around neck)


   Skills:
 - Level 1.0 Fighting
 + Level 0.5(1.1) Short Blades
   Level 1.0 Long Blades
 - Level 2.0 Throwing
 + Level 0.9 Dodging
 + Level 2.0 Stealth
 - Level 2.6 Spellcasting
   Level 1.3 Transmutations
   Level 1.7 Earth Magic


You had 5 spell levels left.
You didn't know any spells.
Your spell library contained the following spells:

 Spells                   Type           Power        Failure   Level
 Sandblast                Erth           #.....       13%         1
 Sting                    Tmut/Pois      #...         21%         1
 Passwall                 Tmut/Erth      #.......     22%         2
 Stone Arrow              Conj/Erth      #.....       50%         3
 Spider Form              Tmut/Pois      #.........   52%         3
 Petrify                  Tmut/Erth      #.......     82%         4
 Lee's Rapid Deconstruct  Erth           #.........   98%         5


Dungeon Overview and Level Annotations

Branches:
Dungeon (1/15)

Altars:


Innate Abilities, Weirdness & Mutations

You are very small and have problems with some larger weapons.
You are too small for most types of armour.
You have supernaturally acute eyesight. (SInv)
You cover ground extremely quickly.


Message History

You are too injured to fight recklessly!
You are too injured to fight recklessly!
You are too injured to fight recklessly!
You are too injured to fight recklessly!
You are too injured to fight recklessly!
You are too injured to fight recklessly!
You barely miss the hobgoblin.
The hobgoblin is moderately wounded.
The hobgoblin barely misses you.
You barely miss the hobgoblin.
The hobgoblin is moderately wounded.
The hobgoblin barely misses you.
You barely miss the hobgoblin.
The hobgoblin is moderately wounded.
The hobgoblin hits you.
* * * LOW HITPOINT WARNING * * *
You barely miss the hobgoblin.
The hobgoblin is moderately wounded.
The hobgoblin hits you.
You die...

#.....##### ##..
........# .>. ...[..+
#..# ### #.†..# #... ..#
#...# .###... #.#
#...##### .......
#.#####........
####..†###r#............
......g@.#.#............
.###.###†#.#............
.[....†...'............
...##.#.#.#............
#.#.#.#........#### .
#.#.########..# ## #.#+#
##.# ... #.## ##. #..#


You could see a hobgoblin.

Vanquished Creatures
  A dart slug (D:1)
  3 frilled lizards (D:1)
4 creatures vanquished.

Vanquished Creatures (others)
  A rat (D:1)
1 creature vanquished.

Grand Total: 5 creatures vanquished

Notes
Turn   | Place    | Note
-------+----------+-------------------------------------------
     0 | D:1      | Ijustatesigmund the Spriggan Wanderer began the quest for
                  | the Orb.
     0 | D:1      | Ijustatesigmund set off with the following items: a +0
                  | dagger, 11 poisoned darts, a +0 robe; and the following
                  | spells available to memorise: Sandblast, Sting, Passwall,
                  | Stone Arrow, Spider Form, Petrify, Lee's Rapid
                  | Deconstruction
     0 | D:1      | Reached XP level 1. HP: 10/10 MP: 5/5
    81 | D:1      | Slain by a hobgoblin

Illustrated notes

Levels and vault maps discovered:
D:1:      grunt_arrival_lava_bath, layout_basic

Skill      XL: |  1 |
---------------+----+-----
Stealth        | 2 |  2.0
Fighting       | |  1.0
Short Blades   | |  0.5
Long Blades    | |  1.0
Throwing       | |  2.0
Dodging        | |  0.9
Spellcasting   | |  2.6
Transmutations | |  1.3
Earth Magic    | |  1.7

Action                   || total
-------------------------++-------
Melee: Dagger            ||    22
 Stab: Sleeping          ||     1
Armor: Robe              ||     1
Dodge: Dodged            ||    17

Table legend: (Time is in decaauts)
 A = Elapsed time spent in this place.
 B = Non-inter-level travel time spent in this place.
 C = Inter-level travel time spent in this place.
 D = Time resting spent in this place.
 E = Time spent auto-exploring this place.
 F = Levels seen in this place.
 G = Mean time per level.
                   A        B        C        D        E       F      G
               +--------+--------+--------+--------+--------+-----+--------+
         Total |     67 |     67 |      0 |      0 |     33 |   1 |   67.0 |
       Dungeon |     67 |     67 |      0 |      0 |     33 |   1 |   67.0 |
               +--------+--------+--------+--------+--------+-----+--------+

Top non-repeatable levels by time:
     D:1: 67 daAuts
